 Dungeon Crawl Stone Soup version 0.25.1-2-g60ff931df9 (webtiles) character file.

Game seed: 3815801470163018564

308 Exodus22XD the Poker (level 6, 0/46 HPs)
             Began as a Demonspawn Gladiator on Oct 31, 2020.
             Was a Follower of Uskayaw.
             Slain by Grinder (7 damage)
             ... while paralysed by Grinder
             ... on level 4 of the Dungeon.
             The game lasted 00:05:14 (4463 turns).

Exodus22XD the Poker (Demonspawn Gladiator)         Turns: 4463, Time: 00:05:15

Health: 0/46       AC:  7    Str: 16    XL:     6   Next: 17%
Magic:  6/6        EV:  2    Int:  9    God:    Uskayaw [*.....]
Gold:   200        SH:  0    Dex: 15    Spells: 5/5 levels left

rFire    . . .     SeeInvis .   a - +0 trident
rCold    . . .     Gourm    .   (no shield)
rNeg     . . .     Faith    .   p - +0 ring mail (curse)
rPois    .         Spirit   .   c - +0 helmet
rElec    .         Reflect  .   l - +0 cloak
rCorr    .         Harm     .   (no gloves)
MR       .....                  (no boots)
Stlth    +.........             (no amulet)
HPRegen  0.15/turn              (no ring)
MPRegen  0.10/turn              (no ring)

@: paralysed, lightly drained
A: powered by pain 1
a: Stomp, Renounce Religion


You were on level 4 of the Dungeon.
You worshipped Uskayaw.
Uskayaw was noncommittal.
You were very hungry.

You visited 2 branches of the dungeon, and saw 5 of its levels.

You collected 200 gold pieces.

Inventory:

Hand Weapons
 a - a +0 trident (weapon)
 u - a +4 quarterstaff of chaos
Missiles
 d - 3 throwing nets (quivered)
Armour
 c - a +0 helmet (worn)
 l - a +0 cloak (worn)
 p - a cursed +0 ring mail (worn)
Jewellery
 w - the ring "Muadghun" {Wiz rPois rC+, unknown}
   (You found it on level 4 of the Dungeon)

   [ring of wizardry]

   It improves your spell success rate.
   It protects you from cold.
   It protects you from poison.
Scrolls
 b - 3 scrolls of enchant armour {unknown}
 g - 2 scrolls of random uselessness {unknown}
 h - a scroll of fear {unknown}
 i - a scroll of fog {unknown}
 k - 2 scrolls of magic mapping {unknown}
 m - 7 scrolls of identify {unknown}
 q - 3 scrolls of remove curse {unknown}
 r - a scroll of amnesia {unknown}
 s - a scroll of enchant weapon {unknown}
 t - 2 scrolls of teleportation {unknown}
Potions
 e - a potion of stabbing {unknown}
 j - a potion of mutation {unknown}
 n - a potion of curing {unknown}
Comestibles
 f - 4 rations


   Skills:
 + Level 2.9(2.5) Fighting
 + Level 4.5(4.1) Polearms
 - Level 1.7(1.4) Throwing
 + Level 2.2(1.9) Armour
 + Level 3.9(3.5) Dodging
 + Level 0.5(0.2) Stealth


You had 5 spell levels left.
You didn't know any spells.
Your spell library was empty.

Dungeon Overview and Level Annotations

Branches:
Dungeon (4/15)             Temple (1/1) D:4

Altars:
Ashenzari
Dithmenos
Elyvilon
Fedhas
Hepliaklqana
Kikubaaqudgha
Makhleb
Nemelex Xobeh
Okawaru
Ru
Sif Muna
Trog
Uskayaw
Vehumet
Wu Jian
Zin
The Shining One

Annotations:
D:4 Grinder


Innate Abilities, Weirdness & Mutations

You sometimes gain a little power by taking damage.


Message History

You closely miss Grinder.
Grinder is almost dead.
Grinder hits you.
You hit Grinder but do no damage.
Grinder is almost dead.
Grinder gestures at you.
You suddenly lose the ability to move!
Grinder hits you but does no damage. Grinder hits you.
You writhe in agony.
Grinder gestures at you. You resist with significant effort.
You feel a little less agile now. Grinder gestures at you.
Pain shoots through your body! Grinder gestures at you.
Pain shoots through your body!
* * * LOW HITPOINT WARNING * * *
You focus on the pain.
You feel your power returning. Grinder hits you!
You die...

.. #. #..# #
#.....###.###..# .
#... .....#..... ##.
#.....##..#.#..# ..
............#..# ##.#
#.###.##........
#.#... #.# #.##.....
#.....###.###
#........ #...5@....#
#.##.....
##..###.#.#.##.##.....
..... #.#.#..........#
#.#.#.
#.#.########.###
#..... ..#..........#
### ## ##############


You could see Grinder.

Vanquished Creatures
  Crazy Yiuf (D:3)
  An orc priest (D:3)
  Terence (D:3)
  An orc wizard (D:3)
  3 gnolls (D:4)
  8 adders
  2 oozes
  2 worms
  A dart slug (D:1)
  3 leopard geckos
  5 orcs (D:3)
  8 giant cockroaches
  9 hobgoblins
  4 jackals
  2 quokkas (D:2)
  A ball python (D:2)
  6 bats
  6 frilled lizards
  4 goblins
  9 kobolds
  12 rats
89 creatures vanquished.

Notes
Turn   | Place    | Note
-------+----------+-------------------------------------------
     0 | D:1      | Exodus22XD the Demonspawn Gladiator began the quest for the
                  | Orb.
     0 | D:1      | Reached XP level 1. HP: 16/16 MP: 1/1
   377 | D:1      | Gained mutation: You sometimes gain a little power by
                  | taking damage. [demonic ancestry]
   377 | D:1      | Reached XP level 2. HP: 22/22 MP: 2/2
   440 | D:1      | Reached skill level 3 in Polearms
   816 | D:1      | Reached XP level 3. HP: 27/27 MP: 3/3
  1318 | D:1      | Reached skill level 1 in Armour
  1790 | D:2      | Reached XP level 4. HP: 12/33 MP: 4/4
  2663 | D:3      | Noticed Terence
  2699 | D:3      | Killed Terence
  2699 | D:3      | Reached skill level 4 in Polearms
  2699 | D:3      | Reached XP level 5. HP: 29/39 MP: 5/5
  3342 | D:3      | Found a burning altar of Makhleb.
  3405 | D:3      | Found a runed translucent door.
  3406 | D:3      | Noticed Crazy Yiuf
  3442 | D:3      | Killed Crazy Yiuf
  3954 | D:4      | Got a crystal long sword
  3955 | D:4      | Identified the +7 long sword "Wothreshro" {freeze, Fragile
                  | rF+ Dex+7} (You found it on level 4 of the Dungeon)
  3974 | D:4      | Reached XP level 6. HP: 33/46 MP: 6/6
  4173 | D:4      | Found a staircase to the Ecumenical Temple.
  4182 | D:4      | Got a flickering brass ring
  4214 | Temple   | Entered the Ecumenical Temple
  4266 | Temple   | Became a worshipper of Uskayaw the Reveler
  4368 | D:4      | Reached * piety under Uskayaw
  4418 | D:4      | Reached ** piety under Uskayaw
  4425 | D:4      | Noticed Grinder
  4434 | D:4      | Paralysed by Grinder for 2 turns
  4437 | D:4      | Reached *** piety under Uskayaw
  4453 | D:4      | Paralysed by Grinder for 3 turns
  4457 | D:4      | Paralysed by Grinder for 7 turns
  4463 | D:4      | Slain by Grinder

Illustrated notes

Levels and vault maps discovered:
D:1:      matt_arrival_diagonals, layout_basic, minmay_3d_cube
D:2:      layout_basic, first_ration
D:3:      layout_basic, lemuel_round_altar, uniq_terence,
          uniq_crazy_yiuf_cottage
D:4:      layout_loops_cross, minmay_temple_entry_drinking_statues, uniq_grinder
Temple:   kb_temple_of_zot

Skill      XL: |  1  2  3  4  5 |
---------------+----------------+-----
Dodging        | 3 |  3.9
Polearms       | 3 4 |  4.5
Armour         | 1 2 |  2.2
Fighting       | |  2.9
Throwing       | |  1.7
Stealth        | |  0.5

Action                   |  1- 3 |  4- 6 || total
-------------------------+-------+-------++-------
Melee: Trident           |   204 |   204 ||   408
Invok: Line Pass         |       |     1 ||     1
  Use: Potion            |       |     3 ||     3
 Stab: Sleeping          |     1 |       ||     1
       Paralysed         |       |     1 ||     1
  Eat: Chunk             |     3 |     8 ||    11
Armor: Leather armour    |    21 |       ||    21
       Ring mail         |    46 |    57 ||   103
Dodge: Dodged            |   154 |   131 ||   285
